 Dungeon Crawl Stone Soup version 0.21-a0-243-g597973d (webtiles) character file.

936 Jeffwins the Insei (level 8, -5/48 HPs)
             Began as an Octopode Transmuter on Sept 4, 2017.
             Slain by a gnoll
             ... wielding a +0 halberd
              (9 damage)
             ... on level 5 of the Dungeon.
             The game lasted 00:08:37 (5557 turns).

Jeffwins the Insei (Octopode Transmuter)            Turns: 5557, Time: 00:08:38

Health: -5/48      AC:  1    Str: 12    XL:     8   Next: 12%
Magic:  11/11      EV: 17    Int: 17    God:
Gold:   247        SH:  0    Dex: 16    Spells: 3/11 levels left

rFire    . . .     SeeInvis .     - Unarmed
rCold    . . .     Gourm    .   (no shield)
rNeg     . . .     Faith    .   (helmet restricted)
rPois    .         Spirit   .   (no amulet)
rElec    .         Reflect  .   g - +3 ring of evasion
rCorr    .         Harm     .   p - ring of protection from magic
MR       +....                  u - +2 ring of dexterity (curse)
Stlth    ++++......             (no ring)
HPRegen  0.16/turn              (no ring)
MPRegen  0.12/turn              (no ring)
                                (no ring)
                                (no ring)

@: no status effects
A: almost no armour, stealthy swim, amphibious, 8 rings, constrict 8, camouflage
1, clever 1, mutation resistance 1, strong 1, gelatinous body 1
a: no special abilities


You were on level 5 of the Dungeon.
You were not hungry.

You visited 1 branch of the dungeon, and saw 5 of its levels.

You collected 247 gold pieces.

Inventory:

Missiles
 a - 118 arrows
Jewellery
 g - a +3 ring of evasion (left tentacle)
 p - a ring of protection from magic (right tentacle)
 u - a cursed +2 ring of dexterity (on tentacle)
Wands
 v - a wand of digging (15/24)
Scrolls
 d - a scroll of fog {unknown}
 e - 2 scrolls of recharging {unknown}
 f - 4 scrolls of identify {unknown}
 h - 5 scrolls of remove curse {unknown}
 i - a scroll of random uselessness {unknown}
 o - 2 scrolls of blinking {unknown}
 q - a scroll of magic mapping {unknown}
Potions
 j - a potion of flight
 n - 4 potions of curing
 r - 2 potions of mutation
 s - a potion of ambrosia
 t - 2 potions of berserk rage {unknown}
 w - a potion of might
 x - a potion of magic {unknown}
Books
 b - a book of Changes

   Spells                             Type                      Level
   a - Beastly Appendage              Transmutation                1
   b - Sticks to Snakes               Transmutation                2
   c - Spider Form                    Transmutation/Poison         3
   d - Ice Form                       Ice/Transmutation            4
   e - Blade Hands                    Transmutation                5
Comestibles
 c - 2 bread rations
 k - a meat ration
 l - a royal jelly
 m - 4 fruits
 z - 2 chunks of flesh


   Skills:
 - Level 1.0 Fighting
 - Level 2.2 Dodging
 + Level 6.0 Stealth
 * Level 7.1 Unarmed Combat
 - Level 2.0 Spellcasting
 + Level 4.7 Transmutations


You had 3 spell levels left.
You knew the following spells:

 Your Spells              Type           Power        Failure   Level  Hunger
a - Beastly Appendage     Tmut           ###...       2%          1    #......
b - Blade Hands           Tmut           ###.......   61%         5    ######.
c - Sticks to Snakes      Tmut           ###.....     4%          2    ###....


Dungeon Overview and Level Annotations

Branches:
Dungeon (5/15)
 Temple: D:4-7

Altars:
Kikubaaqudgha
Okawaru
Qazlal
Uskayaw
Wu Jian
Xom
The Shining One


Innate Abilities, Weirdness & Mutations

You cannot wear most types of armour.
You are very stealthy in the water. (Stealth+)
You are amphibious.
You can wear up to eight rings at the same time.
You can use your tentacles to constrict eight enemies at once.
Your skin changes colour to match your surroundings (Stealth+).
Your rubbery body absorbs attacks. (AC +1, EV +1)
Your mind is acute. (Int +2)
You are somewhat resistant to further mutation.
Your muscles are strong. (Str +2)


Message History

* * * LOW HITPOINT WARNING * * *
You tentacle-slap the gnoll.
The gnoll is almost dead.
You constrict the gnoll. The gnoll barely misses you.
The gnoll hits you with a halberd of pain!
* * * LOW HITPOINT WARNING * * *
Unknown command.
You tentacle-slap the gnoll.
You kill the gnoll!
The gnoll completely misses you.
The shadow imp shouts, "Give up, thou loggerheaded beetle-headed boar-pig!"
You bludgeon the shadow imp! You grab the shadow imp.
The shadow imp is severely wounded.
You constrict the shadow imp.
You tentacle-slap the shadow imp but do no damage.
The shadow imp is almost dead.
You constrict the shadow imp. The shadow imp hits you.
* * * LOW HITPOINT WARNING * * *
The gnoll hits you from afar with a halberd!
You die...

....###_'...####
###.###'###.# #.
#.# #.# #.###.###.#
#.........# #####
###.#.###.# )..#
#..## ##.
#.########.## #
#.W5@......#
#######.g##...##.#
#......>.##.#####.#
.#####.###.# #.#
#5# #.# #.. #g# #.#
... #)# #.# ..# ..>
... .. .......#


You could see a hungry ghost, a gnoll and a shadow imp.

Vanquished Creatures
  2 ogres (D:4)
  2 orc priests (D:3)
  4 iguanas
  3 orc wizards (D:3)
  2 gnoll shamans (D:4)
  Terence (D:3)
  27 gnolls
  4 adders
  An ooze (D:3)
  3 worms
  2 leopard geckos (D:4)
  14 orcs
  3 giant cockroaches
  2 goblins
  11 hobgoblins
  28 jackals
  12 kobolds
  A quokka (D:2)
  4 bats
  4 frilled lizards
  A quokka skeleton (D:3)
  5 rats
136 creatures vanquished.

Notes
Turn   | Place    | Note
-------+----------+-------------------------------------------
     0 | D:1      | Jeffwins the Octopode Transmuter began the quest for the Orb.
     0 | D:1      | Reached XP level 1. HP: 13/13 MP: 3/3
   379 | D:1      | Reached XP level 2. HP: 16/18 MP: 5/5
   525 | D:1      | Reached skill level 1 in Stealth
  1156 | D:2      | Found an iron altar of Okawaru.
  1323 | D:2      | Reached XP level 3. HP: 22/23 MP: 6/6
  1558 | D:2      | Found a shimmering altar of Xom.
  1597 | D:2      | Reached skill level 4 in Unarmed Combat
  1612 | D:2      | Found a hide-covered altar of Uskayaw.
  1647 | D:2      | Reached XP level 4. HP: 28/28 MP: 5/7
  1680 | D:2      | Found a stormy altar of Qazlal.
  1915 | D:3      | Found a faded altar of an unknown god.
  1986 | D:3      | Reached XP level 5. HP: 33/33 MP: 8/8
  2020 | D:3      | Noticed Terence
  2029 | D:3      | Killed Terence
  2264 | D:3      | Learned a level 5 spell: Blade Hands
  2267 | D:3      | Learned a level 2 spell: Sticks to Snakes
  2582 | D:3      | Reached skill level 5 in Unarmed Combat
  2798 | D:3      | Found a glowing golden altar of the Shining One.
  2873 | D:3      | Gained mutation: Your body sometimes deteriorates upon taking damage. [potion of mutation]
  2873 | D:3      | Gained mutation: You possess an exceptional clarity of mind. [potion of mutation]
  2878 | D:3      | HP: 2/49 [orc priest/divine providence (11)]
  2879 | D:3      | Reached XP level 6. HP: 2/38 MP: 9/9
  2970 | D:3      | Lost mutation: You possess an exceptional clarity of mind. [potion of mutation]
  2970 | D:3      | Lost mutation: Your body sometimes deteriorates upon taking damage. [potion of mutation]
  2970 | D:3      | Gained mutation: Your muscles are strong. (Str +2) [potion of mutation]
  2970 | D:3      | Gained mutation: Your mind is acute. (Int +2) [potion of mutation]
  2970 | D:3      | Gained mutation: You are somewhat resistant to further mutation. [potion of mutation]
  3874 | D:4      | Reached XP level 7. HP: 37/43 MP: 8/10
  3927 | D:4      | Reached skill level 6 in Unarmed Combat
  4186 | D:4      | Reached skill level 5 in Stealth
  4604 | D:4      | Found an ancient bone altar of Kikubaaqudgha.
  5315 | D:4      | Reached skill level 7 in Unarmed Combat
  5315 | D:4      | Reached XP level 8. HP: 22/48 MP: 8/11
  5480 | D:5      | Entered Level 5 of the Dungeon
  5500 | D:5      | Found an ornate altar of the Wu Jian Council.
  5557 | D:5      | Slain by a gnoll

Vault maps used:
D:1:      co_arrival_random_square_maze
D:2:      lemuel_round_altar, okawaru_ov_weapons_minmay,
          overflow_temple_1_default, grunt_qazlal_sundering
D:3:      minmay_wonky_spiral, marbit_many_paths,
          chequers_ecumenical_altar_simple_redux,
          hangedman_abyss_or_decor_lesser_grid, uniq_terence
D:4:      lemuel_castle_with_subvaults, kiku_gazebo_pond_becter, first_bread
D:5:      lemuel_doored_altar, uniq_crazy_yiuf_cottage

Skill      XL: |  1  2  3  4  5  6  7 |
---------------+----------------------+-----
Stealth        | 1 2 3 4 6 |  6.0
Unarmed Combat | 4 5 7 |  7.1
Transmutations | 3 4 |  4.7
Fighting       | |  1.0
Dodging        | |  2.2
Spellcasting   | |  2.0

Action                   |  1- 3 |  4- 6 |  7- 9 || total
-------------------------+-------+-------+-------++-------
Melee: Unarmed           |    68 |   124 |   124 ||   316
       Constrict         |    20 |    33 |    35 ||    88
       Tentacles         |    10 |    33 |    26 ||    69
       Kick              |     7 |    23 |    37 ||    67
       Punch             |     1 |     5 |     5 ||    11
 Cast: Beastly Appendage |     3 |     9 |    19 ||    31
  Use: Potion            |       |    11 |     1 ||    12
 Stab: Sleeping          |     2 |     6 |       ||     8
  Eat: Chunk             |     2 |     7 |     6 ||    15
Armor: Skin              |     9 |     3 |     1 ||    13
Dodge: Dodged            |    48 |    80 |    81 ||   209

Table legend:
 A = Spawn XP
 B = Non-spawn XP
 C = Spawn XP percentage of total XP
 D = Spawn monster count
 E = Non-spawn monster count
 F = Spawn count percentage of total count
 G = Total turns spent on level
                    A         B        C        D         E        F      G
               +---------+---------+-------+---------+---------+-------+---------
         Total |     143 |    1195 |  10.7 |      15 |     121 |  11.0 |  5557
               +---------+---------+-------+---------+---------+-------+---------
           D:1 |       4 |      24 |  14.3 |       2 |      15 |  11.8 |  1148
           D:2 |       3 |      58 |   4.9 |       2 |      11 |  15.4 |   754
           D:3 |       6 |     330 |   1.8 |       6 |      26 |  18.8 |  1386
           D:4 |     130 |     722 |  15.3 |       5 |      62 |   7.5 |  2192
           D:5 |       0 |      61 |   0.0 |       0 |       7 |   0.0 |    77
               +---------+---------+-------+---------+---------+-------+---------
